 Dungeon Crawl Stone Soup version 0.25.1-2-g60ff931df9 (webtiles) character file.

Game seed: 1854508831806245395

315 Curus the Spear-Bearer (level 6, -4/47 HPs)
             Began as a Merfolk Berserker on Oct 5, 2020.
             Was a Believer of Trog.
             Slain by Duvessa
             ... wielding a +2 rapier of freezing
              (6 damage)
             ... on level 4 of the Dungeon.
             The game lasted 00:15:24 (3477 turns).

Curus the Spear-Bearer (Merfolk Berserker)          Turns: 3477, Time: 00:15:24

Health: -4/47      AC:  3    Str: 15 (17) XL:     6   Next: 43%
Magic:  6/6        EV: 12    Int:  5 (8)  God:    Trog [**....]
Gold:   51         SH:  3    Dex: 11 (14) Spells: 5/5 levels left

rFire    . . .     SeeInvis +   a - +0 spear
rCold    . . .     Gourm    .   g - +0 buckler
rNeg     . . .     Faith    .   b - +0 animal skin
rPois    .         Spirit   .   e - +0 helmet {SInv}
rElec    .         Reflect  .   (no cloak)
rCorr    .         Harm     .   (no gloves)
MR       .....                  (no boots)
Stlth    +.........             (no amulet)
HPRegen  0.15/turn              (no ring)
MPRegen  0.10/turn              (no ring)

@: no status effects
A: change form in water, swift swim, stealthy swim
a: Berserk, Trog's Hand, Renounce Religion


You were on level 4 of the Dungeon.
You worshipped Trog.
Trog was pleased with you.
You were not hungry.

You visited 1 branch of the dungeon, and saw 4 of its levels.

You collected 51 gold pieces.

Inventory:

Hand Weapons
 a - a +0 spear (weapon)
Armour
 b - a +0 animal skin (worn)
 e - a +0 helmet of see invisible (worn)
 g - a +0 buckler (worn)
Scrolls
 d - 2 scrolls of remove curse
Potions
 h - a potion of curing
Comestibles
 c - 6 rations


   Skills:
 - Level 3.2 Fighting
 + Level 10.0 Polearms
 - Level 1.3 Armour
 - Level 2.6 Dodging


You had 5 spell levels left.
You didn't know any spells.
Your spell library was empty.

Dungeon Overview and Level Annotations

Branches:
Dungeon (4/15)
 Temple: D:4-7

Altars:
Ashenzari
Nemelex Xobeh
Sif Muna
Vehumet

Annotations:
D:4 Dowan, Duvessa


Message History

Duvessa is moderately wounded.
Duvessa hits you with a +2 rapier of freezing.
Duvessa freezes you. Dowan closely misses you.
You hit Duvessa but do no damage.
Duvessa is moderately wounded.
Duvessa hits you with a +2 rapier of freezing.
Duvessa freezes you. Dowan hits you but does no damage.
You hit Duvessa but do no damage.
Duvessa is moderately wounded.
Duvessa hits you with a +2 rapier of freezing!
Duvessa freezes you.
You closely miss Duvessa.
Duvessa is lightly wounded.
Duvessa hits you with a +2 rapier of freezing.
Duvessa freezes you. Dowan barely misses you.
There is a stone staircase leading up here.
Duvessa hits you with a +2 rapier of freezing!
* * * LOW HITPOINT WARNING * * *
Duvessa freezes you.
You die...

#.# #.#
#.# #.#
#.# #.#
#.#######.
#ee.......
#.@######
......$.#
######.##
#.# #.#
###


You could see Duvessa (fast) and Dowan.

Vanquished Creatures
  Sigmund (D:2)
  A jelly (D:3)
  An orc priest (D:3)
  Robin (D:2)
  An adder (D:3)
  A worm (D:2)
  A leopard gecko (D:2)
  4 orcs
  12 bats
  2 giant cockroaches
  13 goblins
  6 hobgoblins
  6 jackals
  7 kobolds
  A quokka (D:3)
  A ball python (D:3)
  6 frilled lizards
  6 rats
71 creatures vanquished.

Vanquished Creatures (others)
  A goblin (D:3)
  A frilled lizard (D:3)
2 creatures vanquished.

Grand Total: 73 creatures vanquished

Notes
Turn   | Place    | Note
-------+----------+-------------------------------------------
     0 | D:1      | Curus the Merfolk Berserker began the quest for the Orb.
     0 | D:1      | Reached XP level 1. HP: 18/18 MP: 1/1
   183 | D:1      | Reached skill level 5 in Polearms
   193 | D:1      | Reached XP level 2. HP: 9/24 MP: 2/2
   984 | D:2      | Noticed Sigmund
  1218 | D:2      | Reached skill level 6 in Polearms
  1218 | D:2      | Reached XP level 3. HP: 18/29 MP: 3/3
  1496 | D:2      | Found a sparkling altar of Nemelex Xobeh.
  1562 | D:2      | Reached ** piety under Trog
  1649 | D:2      | Killed Sigmund
  1649 | D:2      | Reached skill level 9 in Polearms
  1649 | D:2      | Reached XP level 4. HP: 26/35 MP: 4/4
  1649 | D:2      | Reached XP level 5. HP: 30/41 MP: 5/5
  1956 | D:2      | Noticed Robin
  1980 | D:2      | Killed Robin
  2338 | D:3      | Found a radiant altar of Vehumet.
  2346 | D:3      | Reached XP level 6. HP: 45/47 MP: 6/6
  2563 | D:3      | Found a shattered altar of Ashenzari.
  3262 | D:4      | Found a shimmering blue altar of Sif Muna.
  3286 | D:3      | Reached skill level 10 in Polearms
  3462 | D:4      | Noticed Duvessa
  3462 | D:4      | Noticed Dowan
  3477 | D:4      | HP: 2/47 [Duvessa/+2 rapier of freezing (15)]
  3477 | D:4      | Slain by Duvessa

Illustrated notes

Levels and vault maps discovered:
D:1:      dpeg_arrival_houses_and_road, layout_loops_ring, serial_rivers,
          chequers_serial_rivers_micro_d, chequers_serial_rivers_micro_d,
          chequers_serial_rivers_room_b, chequers_serial_rivers_small_3,
          chequers_serial_rivers_room_b
D:2:      layout_loops_ring, nemelex_xobeh_ov_fountains_minmay, first_ration,
          uniq_sigmund, uniq_robin
D:3:      layout_loops_ring, fiery_altar_vehumet, ashenzari_conservatory_becter
D:4:      layout_loops_ring, good_gods_mini_temple, lemuel_crystal_altar,
          abandoned_shop, uniq_duvessa

Skill      XL: |  1  2  3  4  5  6 |
---------------+-------------------+-----
Polearms       | 5 6 9 10 | 10.0
Fighting       | |  3.2
Armour         | |  1.3
Dodging        | |  2.6

Action                   |  1- 3 |  4- 6 || total
-------------------------+-------+-------++-------
Melee: Spear             |   152 |   136 ||   288
Invok: Berserk           |     1 |     2 ||     3
       Trog's Hand       |     1 |       ||     1
  Use: Scroll            |     4 |       ||     4
       Potion            |     2 |     2 ||     4
 Stab: Sleeping          |     4 |     2 ||     6
  Eat: Chunk             |     2 |     9 ||    11
Armor: Animal skin       |    19 |    10 ||    29
Dodge: Dodged            |    82 |    47 ||   129
Block: Buckler           |       |     5 ||     5
